[Event "Titled Tuesday Blitz June 20 Late 2023"]
[White "Carrasco Miranda, Andres"]
[Black "Vlassov, Nikolai"]
[WhiteFideId "3405990"]
[BlackFideId "4103360"]
[WhiteElo "2183"]
[BlackElo "2324"]
[Result "1-0"]
[Round "6"]
[TimeControl "180+2"]
[Date "2023.06.20"]
[WhiteClock "0:00:12"]
[BlackClock "0:00:00"]
[Board "100"]

1. d4 Nf6 2. c4 Nc6 3. Nf3 e6 4. a3 g6 5. d5 Ne7 6. Nc3 Bg7 7. e4 d6 8. h3 O-O 9. Bd3 c6 10. O-O cxd5 11. exd5 exd5 12. cxd5 Nexd5 13. Nxd5 Nxd5 14. Bxg6 hxg6 15. Qxd5 Be6 16. Qb5 Qc7 17. Bf4 a6 18. Qb4 Rfd8 19. Rac1 Qe7 20. Rfe1 Rac8 21. Rxc8 Rxc8 22. Bxd6 Qd7 23. Be5 Rc2 24. Bxg7 Kxg7 25. Qd4+ Qxd4 26. Nxd4 Rxb2 27. Nxe6+ fxe6 28. Rxe6 Kf7 29. Re3 b5 30. g4 a5 31. Kg2 a4 32. h4 Rb3 33. Re5 Kf6 34. Rc5 Ke6 35. h5 gxh5 36. Rxh5 Kd6 37. g5 Ke5 38. g6+ Kf6 39. Rg5 Kg7 40. f4 Rxa3 41. f5 Ra2+ 42. Kg3 Ra1 43. Rh5 Rf1 44. Kg4 a3 45. Rh7+ Kg8 46. Ra7 b4 47. Kg5 Rc1 48. Kh6 Rh1+ 49. Kg5 Rc1 50. Ra6 Rc3 51. Kf6 1-0


[Site "https://www.chess.com"]

[Event "Titled Tuesday Blitz June 20 Late 2023"]
[White "Sokolov, Andrei"]
[Black "Janaszak, Dawid"]
[WhiteFideId "11600306"]
[BlackFideId "1119206"]
[WhiteElo "2473"]
[BlackElo "2220"]
[Result "0-1"]
[Round "6"]
[TimeControl "180+2"]
[Date "2023.06.20"]
[WhiteClock "0:00:03"]
[BlackClock "0:00:47"]
[Board "101"]

1. d4 d5 2. c4 e6 3. g3 c5 4. Nf3 Nc6 5. Bg2 Nf6 6. O-O Be7 7. cxd5 exd5 8. e3 O-O 9. Nc3 c4 10. b3 cxb3 11. Qxb3 Na5 12. Qc2 g6 13. Ne5 Bf5 14. Qe2 Rc8 15. Bb2 Qb6 16. g4 Be6 17. Rab1 Qd8 18. Rfc1 a6 19. Na4 Nc4 20. Nxc4 dxc4 21. Bxb7 Bxg4 22. f3 Rb8 23. Bxa6 Bf5 24. e4 Qa5 25. Bxc4 Qxa4 26. exf5 Bd6 27. Qg2 Kg7 28. Bb3 Qa6 29. d5 Rbe8 30. Rc6 Qa7+ 31. Kh1 Be5 32. Bxe5 Rxe5 33. fxg6 fxg6 34. Qb2 Qe3 35. Qg2 Nh5 36. Rc7+ Kh6 37. Rg1 Rf6 38. d6 Nf4 39. Qg3 Ne2 40. Qh3+ Rh5 41. Rxh7+ Kxh7 42. Qd7+ Kh6 43. Rxg6+ Rxg6 44. Qe8 Qg1# 0-1


[Site "https://www.chess.com"]

[Event "Titled Tuesday Blitz June 20 Late 2023"]
[White "Spaqi, Wilson"]
[Black "Gubajdullin, Alexei"]
[WhiteFideId "2053888"]
[BlackFideId "4141202"]
[WhiteElo "2414"]
[BlackElo "2279"]
[Result "0-1"]
[Round "6"]
[TimeControl "180+2"]
[Date "2023.06.20"]
[WhiteClock "0:00:05"]
[BlackClock "0:00:43"]
[Board "102"]

1. d4 Nf6 2. Bf4 g6 3. e3 Bg7 4. Nf3 O-O 5. Be2 d6 6. h3 Nc6 7. c4 Nd7 8. Bg5 h6 9. Bh4 g5 10. Bg3 e5 11. Nc3 f5 12. O-O f4 13. exf4 exf4 14. Bh2 Nf6 15. d5 Ne5 16. Nxe5 dxe5 17. f3 c6 18. dxc6 Qb6+ 19. Kh1 bxc6 20. Na4 Qa5 21. Bd3 Rd8 22. Qb3 Rxd3 23. Qxd3 Qxa4 24. Qd8+ Kh7 25. Qd3+ Kh8 26. Qd8+ Ng8 27. b3 Qb4 28. Rfd1 Bb7 29. Qc7 e4 30. fxe4 Bxa1 31. Rxa1 Re8 32. Rd1 Re7 33. Rd7 Rxd7 34. Qxd7 c5 35. Bg1 Bxe4 36. Qe6 Qe1 37. Qe5+ Kh7 38. Qxc5 Qe2 39. Qf2 f3 40. Qxa7+ Kg6 41. Qf2 fxg2+ 42. Kh2 Qd3 43. c5 Nf6 44. Qg3 Qd5 45. Qd6 Qf5 46. Bd4 Qf4+ 47. Qxf4 gxf4 48. b4 Bc6 49. a4 Bxa4 50. Kxg2 Nd5 51. Kf3 Kf5 52. Bb2 Nxb4 53. Bg7 Bc6+ 54. Kf2 h5 55. Bh6 Ke4 56. Bg7 Nd3+ 57. Kf1 f3 58. Bc3 Bd7 59. Bd2 Bxh3+ 60. Kg1 f2+ 0-1


[Site "https://www.chess.com"]

[Event "Titled Tuesday Blitz June 20 Late 2023"]
[White "Pinheiro, Iung Alicio de O."]
[Black "dodoucb"]
[WhiteFideId "2104350"]
[WhiteElo "2283"]
[BlackElo "2408"]
[Result "1-0"]
[Round "6"]
[TimeControl "180+2"]
[Date "2023.06.20"]
[WhiteClock "0:00:08"]
[BlackClock "0:00:00"]
[Board "103"]

1. d4 Nf6 2. c4 g6 3. Nc3 Bg7 4. e4 d6 5. Be2 O-O 6. Be3 Nc6 7. d5 Ne5 8. h3 e6 9. Nf3 Nxf3+ 10. Bxf3 e5 11. g4 a6 12. g5 Nd7 13. Bg4 f5 14. gxf6 Nxf6 15. Qe2 Bd7 16. O-O-O Qc8 17. Rdg1 Kh8 18. f3 b5 19. c5 c6 20. Kb1 cxd5 21. Bxd7 Nxd7 22. Nxd5 dxc5 23. h4 Nf6 24. Nb6 Qe6 25. Nxa8 Rxa8 26. Bxc5 Rc8 27. Rc1 Bh6 28. Be3 Rxc1+ 29. Rxc1 Bxe3 30. Qxe3 Ne8 31. f4 Qe7 32. h5 exf4 33. Qxf4 g5 34. Qf5 h6 35. e5 Kg7 36. Qg6+ Kh8 37. Qxh6+ Qh7+ 38. Qxh7+ Kxh7 39. Rc8 Ng7 40. Rc7 Kh6 41. Kc2 Nxh5 42. Kd3 Nf4+ 43. Ke4 Ne6 44. Rc6 1-0


[Site "https://www.chess.com"]

[Event "Titled Tuesday Blitz June 20 Late 2023"]
[White "Hajiyev, Kanan"]
[Black "Arnold, Ken"]
[WhiteFideId "13404148"]
[BlackFideId "2056836"]
[WhiteElo "2115"]
[BlackElo "2396"]
[Result "1/2-1/2"]
[Round "6"]
[TimeControl "180+2"]
[Date "2023.06.20"]
[WhiteClock "0:00:32"]
[BlackClock "0:00:55"]
[Board "104"]

1. d4 d5 2. Nf3 c6 3. c4 Nf6 4. cxd5 cxd5 5. Nc3 Nc6 6. Bg5 a6 7. Bxf6 exf6 8. Qb3 Bb4 9. e3 O-O 10. Bd3 Be6 11. O-O Qd6 12. Ne2 b5 13. Rac1 Na5 14. Qc2 Nc4 15. Bxh7+ Kh8 16. Bd3 g6 17. Nf4 f5 18. a4 Kg7 19. axb5 axb5 20. Bxc4 bxc4 21. b3 c3 22. Nd3 Rfc8 23. Nfe5 Ra3 24. Ra1 Rca8 25. Rxa3 Rxa3 26. Rb1 f6 27. Nxb4 Qxb4 28. Nd3 Qa5 29. b4 Qb5 30. Nc5 Bc8 31. h4 Qc4 32. b5 Ra2 33. Qc1 c2 34. Rb3 Qe2 35. Rd3 f4 36. exf4 Bf5 37. Rd2 Qxd2 38. Qxd2 Ra1+ 39. Kh2 c1=Q 40. Qe2 Qxf4+ 41. g3 Be4 42. gxf4 Rh1+ 43. Kg3 Rg1+ 44. Kh3 Rh1+ 45. Kg3 Rg1+ 46. Kh2 Rh1+ 47. Kg3 1/2-1/2


[Site "https://www.chess.com"]

[Event "Titled Tuesday Blitz June 20 Late 2023"]
[White "Perez, Maximiliano"]
[Black "Mazurkiewicz, Michal"]
[WhiteFideId "117234"]
[BlackFideId "1124943"]
[WhiteElo "2334"]
[BlackElo "2063"]
[Result "1-0"]
[Round "6"]
[TimeControl "180+2"]
[Date "2023.06.20"]
[WhiteClock "0:01:15"]
[BlackClock "0:00:00"]
[Board "105"]

1. e4 d6 2. d4 Nf6 3. Nc3 c6 4. Nf3 Bg4 5. Be2 e6 6. O-O d5 7. e5 Nfd7 8. Ne1 Bxe2 9. Nxe2 c5 10. c3 Nc6 11. f4 g6 12. Be3 Be7 13. Qd2 Qb6 14. Nf3 O-O 15. g4 cxd4 16. cxd4 Rac8 17. f5 Bb4 18. Qd3 Be7 19. a3 a6 20. f6 Bd8 21. Qd2 Re8 22. Bf2 Kh8 23. Qh6 Nxf6 24. Ng5 1-0


[Site "https://www.chess.com"]

[Event "Titled Tuesday Blitz June 20 Late 2023"]
[White "Bogaudinov, Rushan"]
[Black "Ismayil, Malak"]
[WhiteFideId "4129288"]
[BlackFideId "13412604"]
[WhiteElo "1967"]
[BlackElo "1868"]
[Result "1-0"]
[Round "6"]
[TimeControl "180+2"]
[Date "2023.06.20"]
[WhiteClock "0:00:29"]
[BlackClock "0:00:00"]
[Board "106"]

1. e4 e5 2. Nc3 Nc6 3. g3 Nf6 4. Bg2 Bc5 5. d3 d6 6. Na4 Bb6 7. Ne2 Be6 8. O-O Qe7 9. Nxb6 axb6 10. d4 exd4 11. Nxd4 Nxd4 12. Qxd4 h6 13. e5 dxe5 14. Qxe5 c6 15. a3 O-O 16. Be3 Nd7 17. Qc7 Qf6 18. c3 Ne5 19. Bd4 Nf3+ 20. Kh1 Nxd4 21. cxd4 Qxd4 22. Qxb7 Qxb2 23. Qxc6 Rxa3 24. Rxa3 Qxa3 25. Qxb6 Rc8 26. Kg1 Qd3 27. h3 h5 28. Qa5 h4 29. Qe5 Qc2 30. gxh4 Qd3 31. Qg3 Qd2 32. Qe3 Qb2 33. Re1 Rc3 34. Qe5 Qb3 35. Re3 Qd1+ 36. Re1 Qb3 37. Re3 Qd1+ 38. Kh2 Rc1 39. Qb8+ Kh7 40. Kg3 Qc2 41. Be4+ 1-0


[Site "https://www.chess.com"]

[Event "Titled Tuesday Blitz June 20 Late 2023"]
[White "Sadilek, Peter"]
[Black "whiteglovethief"]
[WhiteFideId "1616439"]
[WhiteElo "2227"]
[BlackElo "2516"]
[Result "0-1"]
[Round "6"]
[TimeControl "180+2"]
[Date "2023.06.20"]
[WhiteClock "0:00:04"]
[BlackClock "0:01:15"]
[Board "107"]

1. Nf3 Nf6 2. c4 g6 3. d4 Bg7 4. Nc3 d6 5. e4 O-O 6. Be2 e5 7. d5 a5 8. Bg5 Nbd7 9. Nd2 Nc5 10. O-O c6 11. Nb3 Qc7 12. Nxc5 dxc5 13. d6 Qd8 14. Na4 b6 15. Qb3 Qxd6 16. Bxf6 Qxf6 17. Nxb6 Rb8 18. Nd5 Qd6 19. Ne7+ Kh8 20. Nxc8 Rfxc8 21. Rfd1 Rxb3 22. Rxd6 Rxb2 23. Bg4 f5 24. exf5 Rf8 25. fxg6 Rfxf2 26. Bf3 e4 27. Rd8+ Bf8 28. Rxf8+ Kg7 29. Rf7+ Kxg6 30. Bxe4+ Kxf7 31. Bxc6 Rxa2 32. Bd5+ Kf6 33. Re1 Rfe2 34. Rf1+ Ke5 35. h4 a4 36. Rf7 a3 37. Rxh7 Ra1+ 38. Kh2 a2 39. Ra7 Rae1 40. h5 a1=Q 41. Rxa1 Rxa1 0-1


[Site "https://www.chess.com"]

[Event "Titled Tuesday Blitz June 20 Late 2023"]
[White "Srdanovic, Jovana"]
[Black "Stachanczyk, Jacek"]
[WhiteFideId "954810"]
[BlackFideId "1116657"]
[WhiteElo "2155"]
[BlackElo "2084"]
[Result "0-1"]
[Round "6"]
[TimeControl "180+2"]
[Date "2023.06.20"]
[WhiteClock "0:00:05"]
[BlackClock "0:00:50"]
[Board "108"]

1. d4 Nf6 2. c4 c6 3. Nc3 d5 4. Nf3 dxc4 5. a4 Bf5 6. e3 Nbd7 7. Bxc4 e6 8. O-O Bb4 9. Qe2 O-O 10. e4 Bg4 11. Bg5 Qa5 12. e5 Nd5 13. Nxd5 cxd5 14. Bd3 Rac8 15. Be3 Be7 16. Bd2 Qb6 17. Bb5 Nb8 18. Be3 a6 19. Bd3 Nc6 20. Rfd1 Bh5 21. Bxh7+ Kxh7 22. Ng5+ Bxg5 23. Qxh5+ Bh6 24. g4 Rh8 25. g5 Kg8 26. gxh6 Ne7 27. Qg5 Nf5 28. Rac1 Rxc1 29. Rxc1 Rxh6 30. Rc8+ Kh7 31. Qd8 Rg6+ 32. Kf1 Qxd8 33. Rxd8 Rg4 34. Rd7 Kg6 35. Rxb7 Nxd4 36. Rb6 Nf3 37. Ke2 Nxe5 38. Rxa6 Rb4 39. Rb6 Rxa4 40. b4 Nc4 41. Rb8 Ra2+ 42. Kf3 Nxe3 43. Kxe3 e5 44. b5 Ra3+ 45. Ke2 Rb3 46. b6 d4 47. b7 f6 48. Kd2 Kf5 49. h4 Ke4 50. h5 Kf3 51. h6 gxh6 52. Rf8 Rxb7 53. Rxf6+ Ke4 54. Rxh6 Rb2+ 55. Ke1 Kd3 56. Rh3+ Kc4 57. Rh5 Kc3 58. Rxe5 Rb1+ 59. Ke2 d3+ 60. Ke3 Re1+ 61. Kf4 Rxe5 62. Kxe5 d2 0-1


[Site "https://www.chess.com"]

[Event "Titled Tuesday Blitz June 20 Late 2023"]
[White "Diaz Rosas, Julio Cesar"]
[Black "sebastianmarinp"]
[WhiteFideId "5105099"]
[WhiteElo "2284"]
[BlackElo "2367"]
[Result "0-1"]
[Round "6"]
[TimeControl "180+2"]
[Date "2023.06.20"]
[WhiteClock "0:00:13"]
[BlackClock "0:00:05"]
[Board "109"]

1. d4 Nf6 2. c4 e6 3. Nc3 Bb4 4. a3 Bxc3+ 5. bxc3 b6 6. f3 Nc6 7. e4 Ba6 8. e5 Ng8 9. Bd3 Na5 10. Qe2 Ne7 11. f4 d5 12. cxd5 Bxd3 13. Qxd3 Qxd5 14. Nf3 O-O-O 15. O-O Kb8 16. Be3 Nc4 17. Bf2 h6 18. a4 a6 19. Rfb1 Kb7 20. Nd2 Nxd2 21. Qxd2 g5 22. fxg5 hxg5 23. Qe2 Ng6 24. c4 Nf4 25. Qf1 Qe4 26. c5 Rxh2 27. Kxh2 Rh8+ 28. Kg1 Ne2+ 29. Qxe2 Qxe2 30. cxb6 c6 31. Rb3 g4 32. Rc1 Rh1+ 33. Kxh1 Qxf2 34. Rbc3 Qh4+ 35. Kg1 g3 36. d5 Qh2+ 37. Kf1 Qh1+ 38. Ke2 Qxg2+ 39. Ke3 Qxd5 40. Rd3 Qxe5+ 41. Kd2 Qf4+ 42. Kc2 Qxa4+ 43. Kd2 Qf4+ 44. Kc2 Kxb6 45. Rb1+ Kc7 46. Rbd1 g2 47. Rd7+ Kb6 48. R7d2 Qf1 0-1


[Site "https://www.chess.com"]

[Event "Titled Tuesday Blitz June 20 Late 2023"]
[White "Bilan, Danila"]
[Black "Bueno, Alfeu Junior Varela"]
[WhiteFideId "24161918"]
[BlackFideId "2108879"]
[WhiteElo "2146"]
[BlackElo "2175"]
[Result "1-0"]
[Round "6"]
[TimeControl "180+2"]
[Date "2023.06.20"]
[WhiteClock "0:00:04"]
[BlackClock "0:00:00"]
[Board "110"]

1. d4 e6 2. Nf3 f5 3. g3 b6 4. Bg2 Bb7 5. O-O Nf6 6. c4 Be7 7. Nc3 Ne4 8. Qc2 Nxc3 9. Qxc3 Bf6 10. Bf4 O-O 11. Qd2 d6 12. Rac1 Qe8 13. d5 e5 14. Bg5 Nd7 15. b4 h6 16. Bxf6 Nxf6 17. Qc2 Qh5 18. Nh4 Bc8 19. c5 f4 20. cxd6 cxd6 21. Qc6 Bg4 22. Qxd6 Bxe2 23. Rfe1 Rae8 24. Rc7 fxg3 25. hxg3 e4 26. Bh3 Bg4 27. Bg2 g5 28. Bxe4 Nxe4 29. Qg6+ Qxg6 30. Nxg6 Rf7 31. Rc6 Bd7 32. Rc2 1-0


[Site "https://www.chess.com"]

[Event "Titled Tuesday Blitz June 20 Late 2023"]
[White "Kujawski, Adam"]
[Black "Papayan, Oleg"]
[WhiteFideId "1100920"]
[BlackFideId "4193911"]
[WhiteElo "2054"]
[BlackElo "2167"]
[Result "0-1"]
[Round "6"]
[TimeControl "180+2"]
[Date "2023.06.20"]
[WhiteClock "0:00:07"]
[BlackClock "0:00:21"]
[Board "111"]

1. e4 e5 2. Nf3 Nc6 3. Bb5 Nf6 4. O-O Nxe4 5. d4 Nd6 6. Bg5 Be7 7. Bxc6 dxc6 8. dxe5 Nf5 9. Qxd8+ Bxd8 10. Bxd8 Kxd8 11. Rd1+ Ke8 12. Nc3 h6 13. h3 Be6 14. Ne2 Rd8 15. g4 Ne7 16. Rxd8+ Kxd8 17. Rd1+ Kc8 18. Nf4 Bd5 19. Nd4 Re8 20. Nh5 Rg8 21. f4 c5 22. Nf5 Nxf5 23. gxf5 Bf3 0-1


[Site "https://www.chess.com"]

[Event "Titled Tuesday Blitz June 20 Late 2023"]
[White "Rian, Kapriaga"]
[Black "Delorme, Axel"]
[WhiteFideId "7103263"]
[BlackFideId "632023"]
[WhiteElo "2345"]
[BlackElo "2478"]
[Result "0-1"]
[Round "6"]
[TimeControl "180+2"]
[Date "2023.06.20"]
[WhiteClock "0:00:00"]
[BlackClock "0:00:06"]
[Board "112"]

1. d4 d5 2. c4 e6 3. e3 f5 4. Nc3 Nf6 5. h3 c6 6. g4 Na6 7. Nf3 Nc7 8. Ne5 g6 9. h4 fxg4 10. Nxg4 Nxg4 11. Qxg4 e5 12. Qg3 e4 13. Bd2 Bd6 14. Qg1 Be6 15. c5 Be7 16. O-O-O Bxh4 17. Be2 Qf6 18. Rf1 O-O-O 19. f4 exf3 20. Bxf3 Qe7 21. e4 dxe4 22. Nxe4 Nb5 23. Rxh4 Qxh4 24. Bg5 Qh3 25. Bxd8 Rxd8 26. Ng5 Qh6 27. Kb1 Bf5+ 28. Ka1 Nxd4 29. Bg4 Kb8 30. Bxf5 Nxf5 31. Ne6 Re8 32. Re1 a6 33. Qf2 Ng7 34. Qg3+ Ka7 35. Nxg7 Rxe1+ 36. Qxe1 Qxg7 37. Qa5 Qf8 38. a4 g5 39. b4 g4 40. b5 cxb5 41. axb5 Qxc5 42. b6+ Qxb6 43. Qg5 Qd4+ 44. Ka2 Qb6 45. Ka3 Qe6 46. Kb2 Ka8 47. Ka1 Qb6 48. Qg8+ Ka7 49. Qxg4 a5 50. Qd4 Qxd4+ 51. Ka2 Qb4 52. Ka1 h5 53. Ka2 h4 54. Ka1 h3 55. Ka2 h2 0-1


[Site "https://www.chess.com"]

[Event "Titled Tuesday Blitz June 20 Late 2023"]
[White "Castella Garcia, Fausto"]
[Black "cristianserban1"]
[WhiteFideId "3501922"]
[WhiteElo "2245"]
[BlackElo "2494"]
[Result "1-0"]
[Round "6"]
[TimeControl "180+2"]
[Date "2023.06.20"]
[WhiteClock "0:02:10"]
[BlackClock "0:01:00"]
[Board "113"]

1. e4 g6 2. d4 Bg7 3. Nc3 a6 4. f4 b5 5. Nf3 Bb7 6. Bd3 d6 7. e5 Nd7 8. Ng5 e6 9. O-O h6 10. Nxe6 fxe6 11. Bxg6+ Ke7 12. f5 dxe5 13. fxe6 Ndf6 14. dxe5 Qxd1 15. exf6+ Nxf6 16. Rxd1 Rad8 17. Be3 Ng4 18. Bc5+ Kxe6 19. Rf1 Rd2 20. Bf5+ 1-0


[Site "https://www.chess.com"]

[Event "Titled Tuesday Blitz June 20 Late 2023"]
[White "K2JW"]
[Black "Santos Flores, Alberto"]
[BlackFideId "3601234"]
[WhiteElo "2335"]
[BlackElo "2235"]
[Result "1/2-1/2"]
[Round "6"]
[TimeControl "180+2"]
[Date "2023.06.20"]
[WhiteClock "0:00:02"]
[BlackClock "0:00:26"]
[Board "114"]

1. d4 d5 2. c4 c6 3. Nc3 Nf6 4. e3 a6 5. Nf3 Bf5 6. Qb3 Ra7 7. Nh4 Bg6 8. Nxg6 hxg6 9. cxd5 cxd5 10. Bd3 e6 11. O-O Nc6 12. Bd2 Bd6 13. h3 Qe7 14. Qd1 Bb8 15. Rc1 e5 16. dxe5 Qxe5 17. f4 Qe7 18. Qf3 O-O 19. Nxd5 Nxd5 20. Qxd5 Rd8 21. Qb3 Qd7 22. Bxg6 Qxd2 23. Rfd1 Qa5 24. Qxf7+ Kh8 25. Bf5 b5 26. Qh5+ Kg8 27. Be6+ Kf8 28. Qh8+ Ke7 29. Qxg7+ Kxe6 30. Qg6+ Ke7 31. Qg7+ Ke8 32. Qg8+ Ke7 33. Qg7+ Ke8 34. Qg8+ Ke7 35. Qg7+ 1/2-1/2


[Site "https://www.chess.com"]

[Event "Titled Tuesday Blitz June 20 Late 2023"]
[White "Rodriguez Polo, Mateo"]
[Black "Shuvalov, Evgenij"]
[WhiteFideId "24509396"]
[BlackFideId "4187237"]
[WhiteElo "2117"]
[BlackElo "2080"]
[Result "1-0"]
[Round "6"]
[TimeControl "180+2"]
[Date "2023.06.20"]
[WhiteClock "0:00:36"]
[BlackClock "0:00:51"]
[Board "115"]

1. e4 e6 2. d4 d5 3. Nd2 c5 4. Ngf3 Nc6 5. exd5 exd5 6. Bb5 Qe7+ 7. Be2 Qc7 8. O-O Nf6 9. Re1 Be6 10. Bd3 O-O-O 11. dxc5 Bxc5 12. Nb3 Bb6 13. Be3 Ne4 14. Nfd4 Nxd4 15. Nxd4 Bd7 16. c4 Kb8 17. cxd5 Nc5 18. Rc1 Qd6 19. Bc4 h5 20. Qf3 Qg6 21. Nb5 Bxb5 22. Bxb5 Nd7 23. Bf4+ Ka8 24. Re7 Nf6 25. d6 Ng4 26. Qxb7# 1-0


[Site "https://www.chess.com"]

[Event "Titled Tuesday Blitz June 20 Late 2023"]
[White "Rodriguez Santiago, Jaime"]
[Black "Jovic, Stanoje"]
[WhiteFideId "3100898"]
[BlackFideId "905020"]
[WhiteElo "2025"]
[BlackElo "2236"]
[Result "0-1"]
[Round "6"]
[TimeControl "180+2"]
[Date "2023.06.20"]
[WhiteClock "0:00:14"]
[BlackClock "0:01:00"]
[Board "116"]

1. c4 e5 2. Nc3 Nf6 3. g3 c6 4. Nf3 e4 5. Nd4 d5 6. cxd5 cxd5 7. Bg2 Bc5 8. Nb3 Bb6 9. O-O h5 10. d3 e3 11. d4 exf2+ 12. Rxf2 h4 13. Bg5 hxg3 14. hxg3 Be6 15. Qd3 Nc6 16. Rd1 Qd7 17. Bxf6 gxf6 18. e4 dxe4 19. Nxe4 O-O-O 20. Nbc5 Qxd4 21. Qxd4 Rxd4 22. Rxd4 Nxd4 23. Rxf6 Bxa2 24. Nd6+ Kb8 25. Ndxb7 Nb3 26. Rc6 Rc8 27. Kf1 Nxc5 28. Rxc8+ Kxc8 29. Nd6+ Kd7 30. Nb5 Bc4+ 0-1


[Site "https://www.chess.com"]

[Event "Titled Tuesday Blitz June 20 Late 2023"]
[White "Martinez, Ayelen"]
[Black "Ansh M Shah"]
[WhiteFideId "118702"]
[BlackFideId "25033379"]
[WhiteElo "2074"]
[BlackElo "2084"]
[Result "0-1"]
[Round "6"]
[TimeControl "180+2"]
[Date "2023.06.20"]
[WhiteClock "0:00:00"]
[BlackClock "0:00:13"]
[Board "117"]

1. e4 c6 2. d4 d5 3. e5 Bf5 4. h4 h5 5. Bg5 Qb6 6. Bd3 Bxd3 7. Qxd3 Qa6 8. e6 Qxd3 9. exf7+ Kxf7 10. cxd3 Nd7 11. Nd2 e5 12. Ngf3 Re8 13. O-O Ngf6 14. dxe5 Nxe5 15. Nxe5+ Rxe5 16. Nf3 Re8 17. Rae1 Bd6 18. Nd4 Be5 19. Nf5 g6 20. d4 gxf5 21. dxe5 Ne4 22. Bf4 Rhg8 23. f3 Nc5 24. Rd1 Ne6 25. Be3 b6 26. b4 Rc8 27. b5 Rgd8 28. bxc6 Rxc6 29. Rc1 Rdc8 30. Rxc6 Rxc6 31. Rd1 f4 32. Bf2 Kg6 33. Rxd5 Kf5 34. Rb5 Rc1+ 35. Kh2 Rc2 36. Be1 Rxa2 37. Rd5 Re2 38. Bc3 Rc2 39. Ba1 Rc7 40. Rd6 Rb7 41. Bb2 a5 42. g4+ fxg3+ 43. Kxg3 a4 44. Rc6 b5 45. Rc8 b4 46. Rh8 a3 47. Bc1 Kxe5 48. Rxh5+ Kd4 49. Rh6 Nc5 50. Rd6+ Kc4 51. Rc6 Kb5 52. Rd6 Rg7+ 53. Kf4 Rg1 54. Be3 Rg2 55. Rd5 Rc2 56. h5 a2 57. Rd1 b3 58. h6 b2 59. h7 b1=Q 60. h8=Q Rc4+ 0-1


[Site "https://www.chess.com"]

[Event "Titled Tuesday Blitz June 20 Late 2023"]
[White "Gomez Barrera, Javiera Belen"]
[Black "Ward, Ieuan C"]
[WhiteFideId "3418723"]
[BlackFideId "406627"]
[WhiteElo "2119"]
[BlackElo "2274"]
[Result "1/2-1/2"]
[Round "6"]
[TimeControl "180+2"]
[Date "2023.06.20"]
[WhiteClock "0:00:35"]
[BlackClock "0:00:12"]
[Board "118"]

1. e4 e5 2. Nf3 Nc6 3. Bc4 Nf6 4. d3 Bc5 5. c3 d6 6. O-O h6 7. a4 a6 8. b4 Ba7 9. Re1 O-O 10. Nbd2 Ng4 11. Re2 Be6 12. h3 Nf6 13. Bxe6 fxe6 14. Qb3 Qe7 15. Nf1 Nh5 16. Be3 Nf4 17. Bxf4 Rxf4 18. N1h2 Raf8 19. b5 Nd8 20. bxa6 bxa6 21. Qc4 a5 22. Qa6 Bb6 23. Rb1 Qd7 24. Qb5 Qxb5 25. Rxb5 Nb7 26. d4 exd4 27. cxd4 Nd8 28. Re3 e5 29. g3 exd4 30. gxf4 dxe3 31. f5 exf2+ 32. Kf1 Nc6 33. Ng4 Kh7 34. Nxf2 g6 35. fxg6+ Kg7 36. Rf5 Ne7 37. Rxf8 Kxf8 38. Nh4 Kg7 39. Nf5+ Nxf5 40. exf5 Bxf2 41. Kxf2 d5 42. Ke3 c5 43. Kd3 Kf6 44. Kc3 h5 45. h4 d4+ 46. Kc4 Kg7 47. Kd3 Kf6 48. Ke4 Kg7 49. Kd3 Kf6 50. Kc4 Kg7 51. Kd3 1/2-1/2


[Site "https://www.chess.com"]

[Event "Titled Tuesday Blitz June 20 Late 2023"]
[White "Barria Santos, Jose Guilherme"]
[Black "Kostiukov, Alexandr"]
[WhiteFideId "1939300"]
[BlackFideId "14108100"]
[WhiteElo "2266"]
[BlackElo "2202"]
[Result "0-1"]
[Round "6"]
[TimeControl "180+2"]
[Date "2023.06.20"]
[WhiteClock "0:00:02"]
[BlackClock "0:00:04"]
[Board "119"]

1. e4 c5 2. Nf3 g6 3. c4 Bg7 4. d4 cxd4 5. Nxd4 Nc6 6. Be3 Nf6 7. Nc3 Nxd4 8. Bxd4 Qa5 9. Be2 O-O 10. e5 Ne4 11. O-O Nxc3 12. Bxc3 Qc7 13. Qd4 d6 14. f4 dxe5 15. fxe5 Be6 16. b3 b6 17. Bf3 Rad8 18. Bd5 Bf5 19. Qf4 e6 20. Be4 Bxe4 21. Qxe4 Rd7 22. Rf3 Rfd8 23. Raf1 Qc5+ 24. Kh1 b5 25. cxb5 Qxb5 26. h3 Rd3 27. Bb2 Rd1 28. Qf4 Rxf1+ 29. Rxf1 Rd7 30. Kh2 h5 31. Rf2 Qd3 32. Rf3 Qb1 33. Rf2 Qd3 34. Ba3 Kh7 35. Bd6 Qd5 36. Rd2 Qc6 37. Qd4 Qb5 38. Rf2 Rxd6 39. Qxd6 Bxe5+ 40. Kh1 Bxd6 41. Rxf7+ Kh6 0-1


[Site "https://www.chess.com"]

[Event "Titled Tuesday Blitz June 20 Late 2023"]
[White "Cluke86"]
[Black "Rios Escobar, Adan"]
[BlackFideId "3403645"]
[WhiteElo "2259"]
[BlackElo "2470"]
[Result "0-1"]
[Round "6"]
[TimeControl "180+2"]
[Date "2023.06.20"]
[WhiteClock "0:00:51"]
[BlackClock "0:01:08"]
[Board "120"]

1. e4 c5 2. Nc3 d6 3. f4 g6 4. Nf3 Bg7 5. Bc4 e6 6. O-O Nc6 7. d3 Nge7 8. Qe1 O-O 9. f5 gxf5 10. Qh4 fxe4 11. dxe4 Ng6 12. Qh3 d5 13. Bd3 c4 14. Be2 d4 15. Nd1 d3 16. cxd3 cxd3 17. Ng5 h6 18. Bxd3 hxg5 19. e5 Ncxe5 20. Bc2 g4 21. Qh5 Qh4 22. Bxg6 Nxg6 23. Qc5 b6 24. Qa3 Bb7 25. Ne3 g3 26. h3 Nf4 27. Qb4 Ne2+ 28. Kh1 Qxh3# 0-1


[Site "https://www.chess.com"]

[Event "Titled Tuesday Blitz June 20 Late 2023"]
[White "Pan, Kevin"]
[Black "disciplinedbrat"]
[WhiteFideId "30915708"]
[WhiteElo "2233"]
[BlackElo "2254"]
[Result "1-0"]
[Round "6"]
[TimeControl "180+2"]
[Date "2023.06.20"]
[WhiteClock "0:00:18"]
[BlackClock "0:00:15"]
[Board "121"]

1. e4 g6 2. d4 Bg7 3. Nc3 d6 4. Nf3 a6 5. Be2 b5 6. a3 Nd7 7. Be3 Bb7 8. O-O c5 9. dxc5 dxc5 10. Qd2 Qc7 11. Nd5 Bxd5 12. Qxd5 Rd8 13. e5 Bxe5 14. Nxe5 Qxe5 15. Qxe5 Nxe5 16. Bxc5 Nf6 17. Rfd1 Nfd7 18. Bb4 Nc6 19. Bc3 f6 20. Bf3 Nce5 21. Bd5 Nb6 22. Be6 Rd6 23. Rxd6 exd6 24. Bd4 Nbc4 25. f4 Ke7 26. Bd5 Nd7 27. Re1+ Kd8 28. Re6 Re8 29. Bxf6+ Nxf6 30. Rxf6 Nxb2 31. Rxd6+ Kc7 32. Rxa6 Nd1 33. Rc6+ Kd7 34. h4 Re1+ 35. Kh2 Ne3 36. Bf3 h5 37. Rxg6 Nxc2 38. Rg7+ Kd6 39. Ra7 Kc5 40. a4 b4 41. Rb7 Nd4 42. a5 b3 43. a6 Ra1 44. a7 Nb5 45. Be2 Nxa7 46. Rxb3 Nc6 47. Rb5+ Kd6 48. Rxh5 Nd4 49. Bf3 Rf1 50. Kg3 Ke6 51. Rh6+ Kf7 52. Rh5 Kf6 53. Re5 Nf5+ 54. Kg4 Nh6+ 55. Kh5 Nf7 56. Ra5 Rc1 57. g4 Rc8 58. g5+ Kg7 59. Ra7 Rh8+ 60. Kg4 Rd8 61. h5 Kg8 62. g6 Nd6 63. Bd5+ Kh8 64. h6 Ne8 65. Rh7# 1-0


[Site "https://www.chess.com"]

[Event "Titled Tuesday Blitz June 20 Late 2023"]
[White "Krishnakumar, Sriram"]
[Black "rionelG"]
[WhiteFideId "30915856"]
[WhiteElo "2462"]
[BlackElo "2253"]
[Result "0-1"]
[Round "6"]
[TimeControl "180+2"]
[Date "2023.06.20"]
[WhiteClock "0:00:45"]
[BlackClock "0:00:08"]
[Board "122"]

1. e4 c5 2. Nf3 d6 3. Bb5+ Nd7 4. a4 a6 5. Bc4 Ne5 6. Nxe5 dxe5 7. O-O Nf6 8. d3 e6 9. a5 Be7 10. Be3 O-O 11. Nd2 Bd7 12. Qe2 h6 13. Nf3 Qc7 14. Rfb1 Bc6 15. Nd2 Rfd8 16. f3 Nh5 17. Qf2 Bb5 18. b3 Nf4 19. Kh1 Rac8 20. g3 Ng6 21. Rb2 Bg5 22. Nf1 Ne7 23. Rba2 Qd6 24. Bxb5 axb5 25. a6 bxa6 26. Rxa6 Bxe3 27. Nxe3 Qd4 28. Nd1 Nc6 29. Qd2 Rd7 30. Nf2 c4 31. bxc4 bxc4 32. R1a4 Ne7 33. c3 Qc5 34. Rxc4 Qxc4 35. Ra7 Qb5 36. Rxd7 Qxd7 37. d4 exd4 38. cxd4 Rd8 39. d5 exd5 40. e5 Qe6 41. Ng4 d4 42. Qf4 d3 43. Qd2 Nf5 44. Kg2 h5 45. Nf2 Qxe5 46. Ne4 Nd4 47. Qxd3 Ne6 48. Qe3 Rb8 49. Qf2 Rb2 50. Nd2 Qc3 51. Qa7 Rxd2+ 52. Kh3 Qf6 53. Qa8+ Rd8 54. Qe4 Ng5+ 55. Kg2 Nxe4 56. fxe4 Rd2+ 57. Kh3 Qe6+ 58. Kh4 Qg4# 0-1


[Site "https://www.chess.com"]